Cogmind - Beta 15 @@@ ROGUE MODE // 2025.06.29 @ 11:55:02 Player: arcadio rl Result: Destroyed by V3-4SE(j) with Overtuned Pulse Rifle Performance ------------- Evolutions (0) 0 Regions Visited (4) 800 Robots Destroyed (30) 150 Value Destroyed (634) 634 Prototype IDs (2) 40 Alien Tech Used (0) 0 Bonus (780) 780 TOTAL SCORE: 2404 Bonus ------- Registered with UFD 300 Met Optimus in HQ 500 Friendly Fire -20 Cogmind --------- Core Integrity 0/250 Matter 177/300 Energy 75/100 System Corruption 0% Temperature Warm (152) Movement Treading (160) Location -8/Scraptown Parts ------- > --- POWER (1) -------- (None) > --- PROPULSION (2) --- Light Treads Improved Treads > --- UTILITY (2) ------ Large Storage Unit Targeting Computer > --- WEAPON (2) ------- Barrage Gun Flak Gun > --- INVENTORY (15) --- Light Ion Engine Makeshift Microdissipator Network Medium Matter Pod (100) Siege Articulator Targeting Computer Targeting Computer Targeting Computer Remote Shield Field Recycling Unit (0) Grenade Launcher Missile Launcher CPS Tube (2) Vortex Trap DRS Beacon (Ready) Peak State ------------ > --- POWER ------------ Improved Deuterium Engine > --- PROPULSION ------- Improved Treads Overtuned Treads > --- UTILITY ---------- Large Storage Unit Targeting Computer > --- WEAPON ----------- Overtuned Pulse Rifle Flak Gun > --- INVENTORY -------- Light Ion Engine Medium Matter Pod Signal Interpreter Targeting Computer Targeting Computer Targeting Computer Remote Shield Field Recycling Unit Barrage Gun Grenade Launcher Missile Launcher CPS Tube Vortex Trap DRS Beacon [Rating: 21] Favorites ----------- Power Light Ion Engine Engine Light Ion Engine Propulsion Light Treads Treads Light Treads Utility Large Storage Unit Device Remote Shield Storage Large Storage Unit Processor Targeting Computer Protection Scrap Shield Weapon Assault Cannon Energy Gun Makeshift Laser Ballistic Gun Flak Gun Ballistic Cannon Assault Cannon Launcher Grenade Launcher Special Weapon Mining Laser Build | -11 -10 -10 -8 -8 ------- Run | Yrd Mat Sub Rec Scr Slots Evolved . | . . . . . Power . | . . . . . Propulsion . | . . . . . Utility . | . . . . . Weapon . | . . . . . Parts Attached 35 | 7 8 5 2 13 Power 3 | 1 . . 1 1 Engine 3 | 1 . . 1 1 Core . | . . . . . Reactor . | . . . . . Propulsion 10 | 2 1 1 . 6 Treads 10 | 2 1 1 . 6 Leg . | . . . . . Wheel . | . . . . . Hover . | . . . . . Flight . | . . . . . Utility 7 | 1 3 2 . 1 Device 1 | . . . . 1 Storage 2 | 1 1 . . . Processor 3 | . 2 1 . . Hackware . | . . . . . Protection 1 | . . 1 . . Artifact . | . . . . . Weapon 15 | 3 4 2 1 5 Energy Gun 4 | 2 . 1 . 1 Energy Cannon . | . . . . . Ballistic Gun 5 | 1 1 . . 3 Ballistic Cannon 2 | . 1 . 1 . Launcher 3 | . 1 1 . 1 Special Weapon 1 | . 1 . . . Impact Weapon . | . . . . . Slashing Weapon . | . . . . . Piercing Weapon . | . . . . . Special Melee Weapon . | . . . . . Unidentified Prototypes . | . . . . . Parts Lost 2 | . 1 . . 1 Power 1 | . . . . 1 Propulsion . | . . . . . Utility . | . . . . . Weapon 1 | . 1 . . . Highest Loss Streak 1 | . 1 . . 1 To Critical Strikes . | . . . . . Average Backups 11 | 2 12 6 12 13 Power . | . 1 . 1 . Propulsion . | 1 3 . . . Utility 6 | . 3 4 8 8 Weapon 3 | . 4 1 3 3 Tool/Special . | . . . . . Unused Backups 22 | . 4 2 . 16 Power 2 | . . . . 2 Propulsion 5 | . 4 1 . . Utility 10 | . . . . 10 Weapon 4 | . . 1 . 3 Tool/Special 1 | . . . . 1 Average Slot Usage (%) 97 | . 98 89 99 99 Engine 14 | . 14 14 14 14 Treads 27 | . 28 28 28 27 Storage 11 | . 14 4 14 13 Processor 11 | . 12 4 14 14 Protection 2 | . . 8 . . Energy Gun 3 | . 2 . 14 1 Ballistic Gun 10 | . 14 6 . 13 Ballistic Cannon 12 | . 10 14 13 12 Launcher 1 | . . 6 . . Peak Build Rating 21 | 6 8 12 17 21 Average Rating 13 | 4 7 9 14 18 On Entrance 8 | . 6 8 12 17 Naked Turns . | . . . . . Heaviest Build 38 | 10 27 29 36 38 Greatest Support 43 | 40 40 40 40 43 Greatest Overweight (x) 1 | . 1 . . 1 Average Overweight (x) . | . . . . . Largest Inventory Capacity 15 | 8 15 15 15 15 Average Capacity 13 | 7 14 8 15 14 Most Carried 15 | 6 15 15 15 15 Average Carried 12 | 3 12 7 14 14 Final Capacity 15 | 8 15 15 15 15 Final Carried 15 | 6 14 14 15 14 Class Distribution -------------------- 100% | Mutant Dominant Class ---------------- Mutant | -10/Materials Mutant | -10/Subcaves Mutant | -8/Recycling Mutant | -8/Scraptown Resources | -11 -10 -10 -8 -8 ----------- Run | Yrd Mat Sub Rec Scr Matter Collected 1232 | 164 274 199 260 335 Remotely . | . . . . . Salvage Created 803 | . 368 140 . 295 Parts 55 | . 31 7 . 17 Haulers Intercepted 2 | . 2 . . . Recyclers Shooed . | . . . . . Parts Field Recycled . | . . . . . Retrieved Matter . | . . . . . Parts Self-Destructed 11 | . . 11 . . Prevented . | . . . . . Kills | -11 -10 -10 -8 -8 ------- Run | Yrd Mat Sub Rec Scr Combat Hostiles Destroyed 21 | . 11 3 . 7 Guns 6 | . 2 . . 4 Cannons 8 | . 4 2 . 2 AOE 7 | . 5 1 . 1 Classes Destroyed 11 | . 6 2 . 3 Builder 1 | . 1 . . . Hauler 2 | . 2 . . . Recycler 2 | . 2 . . . Turret 2 | . . 1 . 1 Watcher 2 | . 2 . . . Swarmer 11 | . 9 2 . . Grunt 2 | . 2 . . . Subdweller 1 | . . 1 . . Federalist 3 | . . . . 3 Explorer 1 | . . . . 1 Scrapper 3 | . . . . 3 Best Kill Streak 4 | . 4 2 . 3 Combat Bots Only 3 | . 3 2 . 3 Max Kills in Single Turn 2 | . 2 1 . 1 Gunslinging . | . . . . . Exploded 2 | . 2 1 . 1 Melee . | . . . . . Uniques/NPCs Destroyed . | . . . . . Combat | -11 -10 -10 -8 -8 -------- Run | Yrd Mat Sub Rec Scr Hostile Shots Fired 170 | . 33 77 . 60 Missed 63 | . 12 30 . 21 Hits 107 | . 21 47 . 39 Melee 2 | . . . . 2 Projectile 105 | . 21 47 . 37 AOE 1 | . . 1 . . Critical Strikes 1 | . . . . 1 Damage Taken 1254 | . 228 472 . 554 Core 255 | . 50 17 . 188 Absorbed by Shields . | . . . . . Core Remaining (%) 100 | 100 . . . . Volleys Fired 107 | . 38 40 . 29 Largest 2 | . 2 2 . 2 Hottest 120 | . 120 60 . 108 Shots Fired 206 | . 75 77 . 54 Gun 111 | . 44 29 . 38 Cannon 76 | . 24 40 . 12 Launcher 17 | . 5 8 . 4 Special 2 | . 2 . . . Kinetic 180 | . 61 69 . 50 Thermal 9 | . 9 . . . Explosive 17 | . 5 8 . 4 Electromagnetic . | . . . . . Robot Hit Streak 26 | . 7 26 . 8 Robot Miss Streak 4 | . 4 3 . 4 Penetration Max . | . . . . . Secondary Targets . | . . . . . Shots Hit Robots 131 | . 43 45 . 43 Core Hits 87 | . 21 15 . 51 Critical Kills . | . . . . . Critical Parts Destroyed . | . . . . . Critical Strikes 3 | . 2 1 . . Blast 3 | . 2 1 . . Melee Attacks . | . . . . . Impact . | . . . . . Slashing . | . . . . . Piercing . | . . . . . Sneak Attacks . | . . . . . Combat Hostiles . | . . . . . Follow-up Attacks . | . . . . . Damage Inflicted 2797 | . 870 741 . 1186 Guns 874 | . 202 131 . 541 Cannons 895 | . 290 413 . 192 Explosions 1018 | . 368 197 . 453 Melee . | . . . . . Ramming 10 | . 10 . . . Kinetic 1725 | . 448 544 . 733 Thermal 44 | . 44 . . . Explosive 1018 | . 368 197 . 453 Electromagnetic . | . . . . . Impact . | . . . . . Slashing . | . . . . . Piercing . | . . . . . Highest Corruption . | . . . . . Average Corruption . | . . . . . Corruption Purged . | . . . . . Corruption Blocked . | . . . . . Overload Shots . | . . . . . Overflow Damage 36 | . 32 . . 4 Projectiles 6 | . 2 . . 4 Explosions 30 | . 30 . . . Melee . | . . . . . Knockbacks 15 | . 7 7 . 1 Impact . | . . . . . Kinetic 15 | . 7 7 . 1 Secondary . | . . . . . Self-Inflicted Damage 40 | . 10 . . 30 Shots 1 | . . . . 1 Rammed . | . . . . . Targets Rammed . | . . . . . Kicked . | . . . . . Crushed . | . . . . . Highest Temperature 147 | . 52 . . 147 Average Temperature 26 | . 11 . . 39 Received Heat Transfer 535 | . 42 180 . 313 Siege Activations . | . . . . . Martial Activations . | . . . . . Shielding Activations . | . . . . . Robots Disrupted . | . . . . . Combat Hostiles . | . . . . . Robots Corrupted . | . . . . . Combat Hostiles . | . . . . . Parts Fried . | . . . . . Impact Corruptions . | . . . . . Robots Melted . | . . . . . Combat Hostiles . | . . . . . Parts Melted 2 | . . . . 2 Heat Transferred 100 | . 100 . . . Parts Sabotaged . | . . . . . Parts Stolen . | . . . . . Parts Stripped . | . . . . . Power Chain Reactions . | . . . . . Alert | -11 -10 -10 -8 -8 ------- Run | Yrd Mat Sub Rec Scr Maximum Alert Level . | . . . . . Low Security (%) 100 | 100 100 . 100 . Level 1 . | . . . . . Level 2 . | . . . . . Level 3 . | . . . . . Level 4 . | . . . . . Level 5 . | . . . . . High Security . | . . . . . Max Security . | . . . . . Peak Influence 87 | . 87 . 7 . Initial . | . . . . . Average 13 | . 26 . . . Influence Increases 572 | . 368 180 24 . Destroy 0b10 Robot/C 280 | . 220 60 . . Destroy 0b10 Robot/NC 35 | . 35 . . . Destroy Leader 48 | . 48 . . . Successful Hack 46 | . 22 . 24 . Disable Machine 30 | . 30 . . . Destroy Structure 13 | . 13 . . . Lose Combat Pursuer 120 | . . 120 . . Influence Decreases 572 | . 352 196 24 . Entered New Map 8 | . . 8 . . Time Decay 564 | . 352 188 24 . Squads Dispatched 2 | . 2 . . . Investigation . | . . . . . Extermination . | . . . . . Reinforcement 2 | . 2 . . . Assault . | . . . . . Garrison . | . . . . . Intercept . | . . . . . Searches Triggered . | . . . . . Construction Impeded . | . . . . . Haulers Reinforced . | . . . . . Active Scanning Responses . | . . . . . Cargo Convoy Interrupts . | . . . . . Stealth | -11 -10 -10 -8 -8 --------- Run | Yrd Mat Sub Rec Scr Distress Signals 2 | . 2 . . . Communications Jammed . | . . . . . Distress Signals . | . . . . . Times Spotted 63 | . 23 14 . 26 Peak Tracking Total 7 | . 4 5 . 7 Tactical Retreats 5 | . . 3 . 2 Traps | -11 -10 -10 -8 -8 ------- Run | Yrd Mat Sub Rec Scr Traps Triggered 1 | . 1 . . . Indirectly . | . . . . . Trap Hack Attempts . | . . . . . Triggered . | . . . . . Disarmed . | . . . . . Reprogrammed . | . . . . . Reused . | . . . . . Traps Extracted . | . . . . . Installed . | . . . . . Triggered . | . . . . . Most Traps Carried 1 | . . . . 1 Machines | -11 -10 -10 -8 -8 ---------- Run | Yrd Mat Sub Rec Scr Machines Disabled 5 | . 2 3 . . Max in Single Turn 2 | . 1 2 . . Machines Repaired . | . . . . . Machines Dismantled . | . . . . . Machines Sabotaged . | . . . . . Overloaded Fab Kills . | . . . . . Hacking | -11 -10 -10 -8 -8 --------- Run | Yrd Mat Sub Rec Scr Machines Accessed 19 | . 7 . 9 3 Terminals 12 | . 6 . 6 . Fabricators . | . . . . . Repair Stations . | . . . . . Recycling Units 2 | . 1 . 1 . Scanalyzers . | . . . . . Garrison Access . | . . . . . Total Hacks 94 | . 24 . 46 24 Successful 74 | . 14 . 36 24 Failed 20 | . 10 . 10 . Catastrophic 3 | . 1 . 2 . Database Lockouts . | . . . . . Manual 22 | . 9 . 12 1 Terminals 39 | . 19 . 20 . Fabricators . | . . . . . Repair Stations . | . . . . . Recycling Units 6 | . 5 . 1 . Scanalyzers . | . . . . . Garrison Access . | . . . . . Terminal Hacks 64 | . 7 . 33 24 Record 49 | . 1 . 24 24 Part Schematic 3 | . . . 3 . Robot Analysis 1 | . 1 . . . Prototype ID Bank 1 | . . . 1 . Branch Access Points 2 | . 1 . 1 . Terminal Index 2 | . 1 . 1 . Alert Level 1 | . . . 1 . Locate Traps 1 | . 1 . . . Dispatch Records 2 | . 1 . 1 . Recall Reinforcements 1 | . 1 . . . Release Object 1 | . . . 1 . Fabricator Hacks . | . . . . . Repair Station Hacks . | . . . . . Recycling Unit Hacks 6 | . 5 . 1 . Recycle Component 1 | . 1 . . . Process 1 | . 1 . . . Report Inventory 2 | . 1 . 1 . Retrieve Matter 2 | . 2 . . . Scanalyzer . | . . . . . Garrison Access Hacks . | . . . . . Unauthorized Hacks 4 | . 2 . 2 . Terminals 4 | . 2 . 2 . Botnet 4 | . 2 . 2 . Fabricators . | . . . . . Repair Stations . | . . . . . Recycling Units . | . . . . . Scanalyzers . | . . . . . Garrison Access . | . . . . . Data Cores Recovered . | . . . . . Used . | . . . . . Hacking Detections 12 | . 6 . 6 . Full Trace Events . | . . . . . Feedback Events . | . . . . . Feedback Blocked . | . . . . . Robot Schematics Acquired . | . . . . . Robots Built . | . . . . . Authchips . | . . . . . Time . | . . . . . Total Robot Build Rating . | . . . . . Part Schematics Acquired 3 | . . . 3 . Parts Built . | . . . . . Authchips . | . . . . . Time . | . . . . . Total Part Build Rating . | . . . . . Parts Repaired . | . . . . . Time . | . . . . . Parts Recycled 1 | . 1 . . . Recycled Matter 130 | . 130 . . . Retrieved Matter 130 | . 130 . . . Retrieved Components . | . . . . . Parts Scanalyzed . | . . . . . Part Schematics Acquired . | . . . . . Parts Damaged . | . . . . . Bothacking | -11 -10 -10 -8 -8 ------------ Run | Yrd Mat Sub Rec Scr Used RIF Installer . | . . . . . Robots Hacked . | . . . . . Non-combat . | . . . . . Combat . | . . . . . Robot Hacks Applied . | . . . . . Relay Couplers Released . | . . . . . Fabnet Peak Effective % . | . . . . . Robots Rewired . | . . . . . Allies Hacked . | . . . . . Hacks Repelled . | . . . . . Allies | -11 -10 -10 -8 -8 -------- Run | Yrd Mat Sub Rec Scr Total Allies . | . . . . . Largest Group . | . . . . . Highest-Rated Group . | . . . . . Highest-Rated Ally . | . . . . . Total Orders . | . . . . . Ally Attacks . | . . . . . Total Damage . | . . . . . Kills . | . . . . . Allies Corrupted . | . . . . . Allies Melted 10 | . . . . 10 Intel | -11 -10 -10 -8 -8 ------- Run | Yrd Mat Sub Rec Scr Active Infowar (turns) . | . . . . . Robot Analysis Total 1 | . 1 . . . Derelict Logs Recovered 2 | . . 1 . 1 Drone Launches . | . . . . . Drone Recoveries . | . . . . . Exploration | -11 -10 -10 -8 -8 ------------- Run | Yrd Mat Sub Rec Scr Turns Passed 8365 | 116 1337 2101 1061 3750 Spaces Moved 4916 | 64 727 1224 641 2260 Core 2 | 2 . . . . Treads 4914 | 62 727 1224 641 2260 Legs . | . . . . . Wheels . | . . . . . Hover . | . . . . . Flight . | . . . . . Fastest Speed 50 | 50 160 160 160 150 Average Speed 159 | 156 160 160 160 159 Slowest Speed 240 | 160 240 160 160 240 Overloaded Moves . | . . . . . Propulsion Burnouts . | . . . . . Robots Hopped . | . . . . . Potential Cave-ins . | . . . . . Cave-ins Triggered . | . . . . . Exploration Rate (%) 66 | 5 92 55 91 88 Regions Visited 4 Branch Regions 3 Pre-discovered Areas 1 | . . . . 1 Known Exits Taken . | . . . . . Unknown Exits Taken 4 | 1 1 1 1 . Scrap Searched 5 | . . . . 5 Spaces Dug 1 | . 1 . . . Terrain Destroyed 82 | . 13 28 . 41 Melee . | . . . . . Projectile 2 | . 1 . . 1 AOE 80 | . 12 28 . 40 Terrain Rammed 2 | . 2 . . . Walls Destroyed . | . . . . . Machines Disabled . | . . . . . Actions | -11 -10 -10 -8 -8 --------- Run | Yrd Mat Sub Rec Scr Total 5225 | 77 821 1297 679 2351 Wait 47 | 1 21 . 21 4 Move 4912 | 63 726 1223 640 2260 Hop . | . . . . . Pick Up 55 | 5 13 11 6 20 Fast Attach 23 | 7 3 3 1 9 Attach 2 | . 2 . . . Detach 5 | 1 3 1 . . Swap 18 | . 7 4 1 6 Drop 42 | . 6 8 6 22 Fire 107 | . 38 40 . 29 Melee . | . . . . . Ram 2 | . 2 . . . Kick . | . . . . . Crush . | . . . . . Escape Stasis . | . . . . . Rewire 7 | . . 2 4 1 Trap . | . . . . . Miscellaneous 5 | . . 5 . . Route ------- -11/Scrapyard -10/Materials (discovered 5 exits: [*Mat x3] / *Min / [*Sub]) -10/Subcaves -8/Recycling (discovered 2 exits: *Fac / *Scr) -8/Scraptown (discovered 2 exits: *Fac x2) History --------- Turn | Location | Event 44 | -11/Scrapyard | Discovered new exit (range 15) 117 | -11/Scrapyard | Entered Materials 300 | -10/Materials | Build established: Mutant 536 | -10/Materials | Discovered new exit (range 7) 734 | -10/Materials | Discovered new exit (range 7) 1060 | -10/Materials | Discovered new exit (range 13) 1405 | -10/Materials | Identified exit to Mines 1432 | -10/Materials | Discovered new exit (range 8) 1438 | -10/Materials | Discovered new exit (range 11) 1454 | -10/Materials | Entered Subcaves 1465 | -10/Subcaves | Learned Materials terminal intel 2097 | -10/Subcaves | Shifting Twisted Machinery released Spk. Treads 2102 | -10/Subcaves | Shifting Twisted Machinery released Mak. Laser 2146 | -10/Subcaves | Ambushed by Subdwellers from Twisted Machinery 2163 | -10/Subcaves | Discovered new exit (range 9) 3206 | -10/Subcaves | Shifting Twisted Machinery released Mak. Hacking Suite 3555 | -10/Subcaves | Entered Recycling 4145 | -8/Recycling | Discovered new exit (range 12) 4541 | -8/Recycling | Scanned before Scraplab entrance 4580 | -8/Recycling | Entered Scraplab 4600 | -8/Recycling | Discovered new exit (range 3) 4616 | -8/Recycling | Entered Scraptown 5260 | -8/Scraptown | Scanned Subdweller tech in exchange for log data 5265 | -8/Scraptown | Learned location of Extension (-4) 5292 | -8/Scraptown | Discovered new exit (range 5) 5423 | -8/Scraptown | Visited Junk Repository 5439 | -8/Scraptown | Visited Comm Corps 5500 | -8/Scraptown | Visited TADAMA 5540 | -8/Scraptown | Heard Great Nut preacher, LISTEN AND RECITE! 5545 | -8/Scraptown | Visited Fellowship of the Rings 5976 | -8/Scraptown | Visited UFD Registry 5976 | -8/Scraptown | Registered with UFD as "Phasedome" 6023 | -8/Scraptown | Visited The Evicted 6141 | -8/Scraptown | Visited LU-1G1's Boring Crew 6267 | -8/Scraptown | Visited Derelict Rescue Squad 6287 | -8/Scraptown | Found DRS Beacon 6319 | -8/Scraptown | Visited Scrapoid Research Area 6944 | -8/Scraptown | Delivered Scrap Shield to a Scientist 7732 | -8/Scraptown | Visited Science Guys 7850 | -8/Scraptown | Met Optimus 7850 | -8/Scraptown | Accepted into 0bPrime 7931 | -8/Scraptown | Received an X-ray algorithm 7954 | -8/Scraptown | Ran an X-ray algorithm 7974 | -8/Scraptown | Civil war broke out across Scraptown 8049 | -8/Scraptown | Identified exit to Factory 8054 | -8/Scraptown | Lost 6 allies 8104 | -8/Scraptown | Visited Supply Room 8118 | -8/Scraptown | Visited Curators Association 8162 | -8/Scraptown | Lost 5 allies 8182 | -8/Scraptown | Found Siege Articulator 8272 | -8/Scraptown | Visited A0-MCA Data Center 8355 | -8/Scraptown | Core integrity fell below 50% 8366 | -8/Scraptown | Destroyed by V3-4SE(j) with Overtuned Pulse Rifle Last Messages --------------- malfunctioning. 08200_ Dropped Ovr. Treads. 08201_ Acquired Ovr. Treads. 08202_ Acquired 10 matter. 08212_ Machine disabled. 08214_ 75-6TA(g) destroyed. 08229_ Dropped Ovr. Treads. 08232_ Acquired Lgt. Treads. 08235_ Dropped Lgt. Treads. 08241_ Acquired 20 matter. 08281_ Ovr. Pulse Rifle suddenly begins malfunctioning. 08291_ PN-M4M(g) destroyed. 08302_ Acquired 42 matter. 08307_ Dropped Ovr. Pulse Rifle. 08332_ OH-YF6(g) destroyed. 08352_ HH-QAP(g) destroyed. 08356_ Critical hit (Burn: +50). 08359_ QT-OZD(j) destroyed. 08365_ Imp. Deuterium Engine destroyed. Map ----- +----------------------------------------------------+ | ?????????????????????????????????????????????????? | | ?????????????????????????????????????????????????? | | ?????????????????????????????????????????????????? | | ?????????????????????????????????????????????????? | | ?????????????????????????????????????????????????? | | ?????????????????????????????????????????????????? | | ?????????????????????????????????????????????????? | | ?????????????????????????????????????????????????? | | ?????????????????????????????????????????????????? | | ?????????????????????????????????????????????????? | | ?????????????????????????????????????????????????? | | ?????????????????????????#???????????????????????? | | ????????????????????##### #??????????????????????? | | ????????????????????# ![###?????